 Dungeon Crawl Stone Soup version 0.26-a0-810-ge1a9524b62 (webtiles) character file.

Game seed: 14537741092731687817

87 marklar909 the Ruffian (level 4, -1/36 HPs)
             Began as a Draconian Transmuter on Nov 13, 2020.
             Slain by an orc
             ... wielding a +0 falchion
              (6 damage)
             ... on level 3 of the Dungeon.
             The game lasted 00:02:36 (2206 turns).

marklar909 the Ruffian (Draconian Transmuter)       Turns: 2206, Time: 00:02:37

Health: -1/36      AC:  5    Str: 13    XL:     4   Next: 28%
Magic:  5/7        EV: 12    Int: 13    God:
Gold:   128        SH:  0    Dex: 12    Spells: 2/8 levels left

rFire    . . .     SeeInvis .   g - +0 whip (curse)
rCold    . . .     Faith    .   (no shield)
rNeg     . . .     Spirit   .   (armour unavailable)
rPois    .         Reflect  .   (helmet currently unavailable)
rElec    .         Harm     .   (no cloak)
rCorr    .         Rampage  .   (no gloves)
MR       .....                  (boots currently unavailable)
Stlth    +.........             (no amulet)
HPRegen  0.12/turn              (no ring)
MPRegen  0.10/turn              (no ring)

@: appendages (expiring)
A: unfitting armour, horns 2, talons 2, cold-blooded, AC +5
a: End Transformation


You were on level 3 of the Dungeon.
You had grown temporary horns.
You had grown temporary talons.
You visited 1 branch of the dungeon, and saw 3 of its levels.

You collected 128 gold pieces.

Inventory:

Hand Weapons
 g - a cursed +0 whip (weapon)
Missiles
 l - 7 stones (quivered)
Jewellery
 j - an uncursed ring of magical power {unknown}
Scrolls
 a - 2 scrolls of identify {unknown}
 b - a scroll of amnesia {unknown}
 c - 2 scrolls of immolation {unknown}
 d - a scroll of fog {unknown}
 f - a scroll of remove curse {unknown}
 k - a scroll of enchant armour {unknown}
Potions
 e - 3 potions of curing {unknown}
 h - a potion of degeneration {unknown}
 i - a potion of haste {unknown}


   Skills:
 * Level 1.7 Fighting
 + Level 0.8 Maces & Flails
 * Level 2.5 Dodging
 + Level 3.6 Unarmed Combat
 + Level 2.5 Spellcasting
 + Level 2.2 Transmutations
 * Level 0.3 Poison Magic


You had 2 spell levels left.
You knew the following spells:

 Your Spells              Type           Power        Failure   Level
a - Beastly Appendage     Tmut           #.....       10%         1
b - Wereblood             Tmut           #.......     14%         2
c - Spider Form           Tmut/Pois      #.........   38%         3

Your spell library contained the following spells:

 Spells                   Type           Power        Failure   Level
 Ice Form                 Ice/Tmut       #.......     83%         4
 Blade Hands              Tmut           #.........   95%         5


Dungeon Overview and Level Annotations

Branches:
Dungeon (3/15)

Altars:

Annotations:
D:2 Terence


Innate Abilities, Weirdness & Mutations

Your plain brown scales are hard. (AC +5)
You cannot fit into any form of body armour.
You are cold-blooded and may be slowed by cold attacks.
You have a pair of horns on your head.
You have razor-sharp toenails.


Message History

You barely miss the orc. You claw the orc, but do no damage.
The orc hits you but does no damage.
Unknown command.
You barely miss the orc. You claw the orc.
You headbutt the orc, but do no damage.
The orc is lightly wounded.
You howl as the wereblood boils in your veins!
Your primal bloodlust has ended.
The orc completely misses you.
Unknown command.
You closely miss the orc.
The orc is lightly wounded.
The orc hits you with a +0 falchion.
* * * LOW HITPOINT WARNING * * *
Unknown command.
You closely miss the orc. Your kick misses the orc.
You headbutt the orc, but do no damage.
The orc is lightly wounded.
The orc hits you with a +0 falchion.
You die...

........# ##..)## .....##.#
##.....############
#...###.#
#.................# ##.##
#.# ##.(...##########.# #.#
#.# #....## #.# #.# #.#
#.#.## #.## #.# #.# #.###
#.#. #.# #†#
###.##############... ##.#
#.# #...@o..[....(.......
...#
#.#####.#.########.........
#### #.......#.# #.#####.#.
#.#######.# #.# #...
#######.#######.# #.# ###.
............[...# #.# #.
######......#...# #.# ##
#.###.###.#########.# #
#.##.## ##........


You could see an orc.

Vanquished Creatures
  An orc wizard (D:3)
  An adder (D:2)
  A leopard gecko (D:1)
  6 orcs (D:3)
  A giant cockroach (D:1)
  5 goblins
  3 hobgoblins
  8 jackals
  3 kobolds
  A bat (D:1)
  4 frilled lizards
  8 rats
42 creatures vanquished.

Notes
Turn   | Place    | Note
-------+----------+-------------------------------------------
     0 | D:1      | marklar909 the Draconian Transmuter began the quest for the
                  | Orb.
     0 | D:1      | Reached XP level 1. HP: 16/16 MP: 3/3
   251 | D:1      | Reached XP level 2. HP: 14/23 MP: 3/5
  1285 | D:2      | Noticed an ogre
  1560 | D:2      | Reached XP level 3. HP: 28/28 MP: 4/6
  1602 | D:2      | Learned a level 2 spell: Wereblood
  1606 | D:2      | Learned a level 3 spell: Spider Form
  1799 | D:2      | Noticed Terence
  2191 | D:3      | Reached XP level 4. HP: 22/36 MP: 4/7
  2206 | D:3      | Slain by an orc

Illustrated notes

Levels and vault maps discovered:
D:1:      minmay_arrival_floating_metal, layout_loops_cross
D:2:      layout_loops_cross, hangedman_decor_clover_reticule,
          minmay_tetromino_i4, uniq_terence
D:3:      layout_loops_ring

Skill      XL: |  1  2 |
---------------+-------+-----
Dodging        | 2 |  2.5
Fighting       | |  1.7
Maces & Flails | |  0.8
Unarmed Combat | |  3.6
Spellcasting   | |  2.5
Transmutations | |  2.2
Poison Magic   | |  0.3

Action                   |  1- 3 |  4- 6 || total
-------------------------+-------+-------++-------
Melee: Unarmed           |    65 |       ||    65
       Kick              |    17 |     2 ||    19
       Tailslap          |     5 |     1 ||     6
       Whip              |    57 |    11 ||    68
       Headbutt          |     7 |     2 ||     9
Throw: Stone             |    12 |       ||    12
 Cast: Beastly Appendage |    21 |     1 ||    22
       Wereblood         |     2 |       ||     2
 Stab: Sleeping          |     1 |       ||     1
Armor: Skin              |    44 |     1 ||    45
Dodge: Dodged            |   104 |     5 ||   109

Table legend: (Time is in decaauts)
 A = Elapsed time spent in this place.
 B = Non-inter-level travel time spent in this place.
 C = Inter-level travel time spent in this place.
 D = Time resting spent in this place.
 E = Time spent auto-exploring this place.
 F = Levels seen in this place.
 G = Mean time per level.
                   A        B        C        D        E       F      G
               +--------+--------+--------+--------+--------+-----+--------+
         Total |   2237 |   2044 |    193 |    308 |   1391 |   3 |  745.7 |
       Dungeon |   2237 |   2044 |    193 |    308 |   1391 |   3 |  745.7 |
               +--------+--------+--------+--------+--------+-----+--------+

Top non-repeatable levels by time:
     D:1: 1660 daAuts
     D:3: 404 daAuts
     D:2: 172 daAuts
